 Dungeon Crawl Stone Soup version 0.18.1-48-g4cf74bf (webtiles) character file.

35 matakusis the Caller (level 3, 0/19 HPs)
             Began as a Deep Elf Summoner on June 28, 2016.
             Slain by an adder (5 damage)
             ... on level 2 of the Dungeon.
             The game lasted 00:04:58 (871 turns).

matakusis the Caller (Deep Elf Summoner)             Turns: 871, Time: 00:04:58

Health: 0/19       AC: 12    Str:  5    XL:     3   Next: 16%
Magic:  2/9        EV: 13    Int: 20    God:
Gold:   53         SH:  0    Dex: 15    Spells: 2 memorised, 5 levels left

rFire  . . .     SeeInvis .     g - +0 mace (protect)
rCold  . . .     Gourm    .     a - +0 robe
rNeg   . . .     Faith    .     (no shield)
rPois  .         Spirit   .     h - +0 helmet
rElec  .         Dismiss  .     (no cloak)
rCorr  .         Reflect  .     (no gloves)
SustAt .         Harm     .     (no boots)
MR     .....                    (no amulet)
Stlth  ++........               (no ring)
                                e - +4 ring of protection

@: very slightly contaminated, hasted, very quick, not resistant to hostile
enchantments, unstealthy
A: no striking features
a: no special abilities


You were on level 2 of the Dungeon.
You were not hungry.

You visited 1 branch of the dungeon, and saw 2 of its levels.

You collected 53 gold pieces.

Inventory:

Hand Weapons
 g - a +0 mace of protection (weapon)
Armour
 a - a +0 robe (worn)
 h - a +0 helmet (worn)
Jewellery
 e - a +4 ring of protection (left hand)
Scrolls
 i - a scroll of magic mapping {unknown}
Books
 b - a book of Callings

   Spells                             Type                      Level
   a - Summon Small Mammal            Summoning                    1
   b - Call Imp                       Summoning                    2
   c - Call Canine Familiar           Summoning                    3
   d - Summon Guardian Golem          Hexes/Summoning              3
   e - Summon Lightning Spire         Summoning/Air                4
   f - Summon Ice Beast               Ice/Summoning                4
Comestibles
 c - 3 bread rations
 f - a chunk of flesh


   Skills:
 - Level 2.4 Dodging
 - Level 2.4 Stealth
 + Level 3.4 Spellcasting
 * Level 5.4 Summonings


You had 5 spell levels left.
You knew the following spells:

 Your Spells              Type           Power        Failure   Level  Hunger
a - Summon Small Mammal   Summ           ####         1%          1    None
b - Call Imp              Summ           ####....     2%          2    ##.....


Dungeon Overview and Level Annotations

Branches:
Dungeon (2/15)

Altars:


Message History

Unknown command.
Unknown command.
Drink which item? (? for menu, Esc to quit)
It was a potion of haste.
You feel yourself speed up. The adder barely misses you.
Your crimson imp blinks!
The goblin hits you with a club.
* * * LOW HITPOINT WARNING * * *
The hobgoblin barely misses you. The adder barely misses you.
You are very lightly contaminated with residual magic.
You barely miss the hobgoblin.
Your crimson imp blinks!
The goblin hits you but does no damage. The adder closely misses you.
The hobgoblin hits you but does no damage.
Unknown command.
You hit the hobgoblin.
The hobgoblin is severely wounded.
Your crimson imp blinks!
The adder bites you.
You die...

..# .. . #..<..
.. #..#. ...
#... .... #..#
..... #.§#
$>....###..#
.....bg@S..#
......g##5.#
....... #§>####
....... #.....#
......$ #..##.#
.###.####...#.#
.. #.....#.###
### #.#.......#
#....######


You could see an adder, a hobgoblin, a goblin, a bat and a friendly crimson imp.

Vanquished Creatures
  A giant gecko (D:1)
  4 goblins
  2 kobolds (D:1)
  3 bats (D:1)
  A giant newt (D:1)
  A rat (D:1)
12 creatures vanquished.

Vanquished Creatures (collateral kills)
  An adder (D:2)
  An ooze (D:1)
  2 giant geckos (D:1)
  2 giant cockroaches (D:1)
  A goblin (D:1)
  A hobgoblin (D:1)
  2 jackals (D:1)
  A kobold (D:1)
  2 bats (D:1)
  A giant newt (D:1)
  2 rats (D:1)
16 creatures vanquished.

Grand Total: 28 creatures vanquished

Notes
Turn   | Place    | Note
--------------------------------------------------------------
     0 | D:1      | matakusis the Deep Elf Summoner began the quest for the Orb.
     0 | D:1      | Reached XP level 1. HP: 10/10 MP: 6/6
   254 | D:1      | Reached XP level 2. HP: 15/15 MP: 4/8
   272 | D:1      | Learned a level 2 spell: Call Imp
   436 | D:1      | Reached skill level 5 in Summonings
   823 | D:1      | Reached XP level 3. HP: 19/19 MP: 4/9
   871 | D:2      | Slain by an adder

Skill      XL: |  1  2 |
---------------+-------+-----
Summonings     | 5 |  5.4
Dodging        | |  2.4
Stealth        | |  2.4
Spellcasting   | |  3.4

Action                   || total
-------------------------++-------
Melee: Unarmed           ||     5
       Mace              ||    45
 Cast: Summon Small Mamm ||    15
       Call Imp          ||    14
  Use: Potion            ||     1
 Stab: Sleeping          ||     4
Armor: Robe              ||    28
Dodge: Dodged            ||    58
